 Dungeon Crawl Stone Soup version 0.21.0-25-ge575cb9ce8 (webtiles) character file.

341 Bapho the Sneak (level 6, -5/38 HPs)
             Began as a Kobold Hunter on Jan 27, 2018.
             Killed by divine providence
             ... invoked by an orc priest
              (12 damage)
             ... on level 4 of the Dungeon.
             The game lasted 00:08:14 (5538 turns).

Bapho the Sneak (Kobold Hunter)                     Turns: 5538, Time: 00:08:15

Health: -5/38      AC:  2    Str:  9    XL:     6   Next: 87%
Magic:  6/6        EV: 15    Int: 13    God:
Gold:   92         SH:  0    Dex: 17    Spells: 5/5 levels left

rFire    . . .     SeeInvis .   b - +0 short sword
rCold    . . .     Gourm    .   (shield restricted)
rNeg     . . .     Faith    .   n - +0 robe
rPois    .         Spirit   .   (no helmet)
rElec    .         Reflect  .   (no cloak)
rCorr    .         Harm     .   (no gloves)
MR       .....                  (no boots)
Stlth    ++++......             (no amulet)
HPRegen  0.12/turn              (no ring)
MPRegen  0.10/turn              (no ring)

@: no status effects
A: small, carnivore
a: no special abilities


You were on level 4 of the Dungeon.
You were very full.

You visited 1 branch of the dungeon, and saw 4 of its levels.

You collected 92 gold pieces.

Inventory:

Hand Weapons
 a - a +1 hand crossbow
 b - a +0 short sword (weapon)
 g - a +0 dagger
Missiles
 d - 25 bolts
Armour
 c - a +0 leather armour
 n - a +0 robe (worn)
Scrolls
 e - a scroll of teleportation
 h - a scroll of noise {unknown}
 i - a scroll of amnesia {unknown}
 k - a scroll of identify
 l - a scroll of remove curse
 m - a scroll of random uselessness {unknown}
Potions
 j - a potion of degeneration {unknown}
Comestibles
 f - 8 rations


   Skills:
 - Level 4.0 Fighting
 - Level 5.2 Crossbows
 - Level 2.4 Dodging
 * Level 7.7 Stealth


You had 5 spell levels left.
You didn't know any spells.

Dungeon Overview and Level Annotations

Branches:
Dungeon (4/15)
 Temple: D:4-7

Altars:
Wu Jian

Annotations:
D:1 Terence
D:2 Natasha, Sigmund


Innate Abilities, Weirdness & Mutations

You are small and have problems with some larger weapons.
You are carnivorous and can eat meat at any time.


Message History

The orc priest is moderately wounded.
The orc priest barely misses you.
You hit the orc priest but do no damage.
The orc priest is moderately wounded.
The orc priest mumbles some strange prayers to Beogh against you.
Beogh smites you!
You hit the orc priest.
The orc priest is heavily wounded.
The orc priest mumbles some strange prayers to Beogh against you.
Pain shoots through your body!
* * * LOW HITPOINT WARNING * * *
You barely miss the orc priest.
The orc priest is heavily wounded.
The orc priest hits you with a mace.
* * * LOW HITPOINT WARNING * * *
You hit the orc priest.
The orc priest is severely wounded.
The orc priest calls down the wrath of Beogh upon you.
Beogh smites you!
You die...

###########
#.o@.......
.#######(#########
.........#
........##
..#####.# #># o..
(.... .##.##.


You could see an orc priest.

Vanquished Creatures
  A crimson imp (D:2)
  A centaur skeleton (D:3)
  An orc wizard (D:3)
  A killer bee zombie (D:3)
  3 gnolls (D:2)
  10 adders
  2 worms
  A dart slug (D:1)
  3 leopard geckos (D:3)
  10 orcs
  8 bats
  7 giant cockroaches
  7 goblins
  10 hobgoblins
  4 jackals (D:1)
  3 quokkas
  2 ball pythons
  8 frilled lizards
  8 kobolds
  6 rats
96 creatures vanquished.

Notes
Turn   | Place    | Note
-------+----------+-------------------------------------------
     0 | D:1      | Bapho the Kobold Hunter began the quest for the Orb.
     0 | D:1      | Reached XP level 1. HP: 12/12 MP: 1/1
    42 | D:1      | Reached skill level 2 in Stealth
   110 | D:1      | Reached skill level 5 in Crossbows
   110 | D:1      | Reached XP level 2. HP: 13/17 MP: 2/2
   424 | D:1      | Reached skill level 3 in Stealth
   496 | D:1      | Reached XP level 3. HP: 17/21 MP: 3/3
  1015 | D:2      | Reached skill level 4 in Stealth
  1025 | D:2      | Reached XP level 4. HP: 27/27 MP: 4/4
  1448 | D:2      | Reached skill level 5 in Stealth
  1683 | D:2      | Reached XP level 5. HP: 32/32 MP: 5/5
  1810 | D:2      | Reached skill level 6 in Stealth
  1846 | D:2      | Noticed Terence
  2220 | D:2      | Reached XP level 6. HP: 33/37 MP: 6/6
  2456 | D:2      | Noticed Sigmund
  2456 | D:2      | Noticed Natasha
  3328 | D:3      | Found an ornate altar of the Wu Jian Council.
  3740 | D:3      | Reached skill level 7 in Stealth
  5538 | D:4      | Killed from afar by an orc priest

Skill      XL: |  1  2  3  4  5  6 |
---------------+-------------------+-----
Stealth        | 2 3 4 5 6 7 |  7.7
Crossbows      | 5 |  5.2
Fighting       | 3 4 |  4.0
Dodging        | |  2.4

Action                   |  1- 3 |  4- 6 || total
-------------------------+-------+-------++-------
Melee: Short sword       |    54 |   206 ||   260
       Dagger            |       |     4 ||     4
 Fire: Hand crossbow     |    51 |    53 ||   104
  Use: Scroll            |       |     4 ||     4
       Potion            |       |     2 ||     2
 Stab: Sleeping          |       |    12 ||    12
  Eat: Chunk             |     9 |    13 ||    22
Armor: Leather armour    |    18 |    40 ||    58
       Robe              |       |     2 ||     2
Dodge: Dodged            |    63 |   153 ||   216
